 Dungeon Crawl Stone Soup version 0.32-a0-485-g70f7560b1c (webtiles) character file.

Game seed: 16016060354774240332

74 ezpacito the Trooper (level 4, -1/35 HPs)
             Began as a Demonspawn Chaos Knight on Feb 26, 2024.
             Was a Plaything of Xom.
             Engulfed by a smoke demon's steam (7 damage)
             ... summoned by Xom
             ... on level 2 of the Dungeon.
             The game lasted 00:02:11 (1499 turns).

ezpacito the Trooper (Demonspawn Chaos Knight)      Turns: 1499, Time: 00:02:12

Health: -1/35      AC:  7    Str: 14    XL:     4   Next: 9%
Magic:  5/5        EV: 10    Int: 13    God:    Xom [......]
Gold:   14         SH:  0    Dex: 12    Spells: 4/4 levels left

rFire   . . .        a - +0 hand axe (chaos)
rCold   + . .        (no shield)
rNeg    . . .        g - +0 ring mail {rC+}
rPois   .            (no helmet)
rElec   .            (no cloak)
rCorr   .            (no gloves)
SInv    .            (no boots)
Will    .....        (no amulet)
Stlth   +            (no ring)
HPRegen 0.25/turn    (no ring)
MPRegen 0.09/turn

%: no passive effects
@: wreathed by umbra
A: molten scales 1, foul shadow 1
a: Renounce Religion


You were on level 2 of the Dungeon.
You worshipped Xom.
You were a very special plaything of Xom.
You visited 1 branch of the dungeon, and saw 2 of its levels.

You collected 56 gold pieces.
You spent 42 gold pieces at shops.

Inventory:

Hand Weapons
 a - a +0 hand axe of chaos (weapon)
Missiles
 l - 5 curare-tipped darts (quivered)
 n - 9 poisoned darts
Armour
 b - a +2 leather armour
 g - a +0 ring mail of cold resistance (worn)
Magical Staves
 e - a staff of air
Talismans
 k - a flux talisman
Scrolls
 f - a scroll of identify {unknown}
 m - a scroll of silence {unknown}
 o - a scroll of blinking {unknown}
Potions
 d - a potion of curing
 h - 2 potions of haste {unknown}
 i - a potion of might {unknown}
 j - 2 potions of attraction {unknown}


   Skills:
 * Level 3.2 Fighting
 * Level 3.0(3.1) Axes
 + Level 0.7(2.0) Polearms
 * Level 2.1 Armour
 * Level 1.6 Dodging
 + Level 0.8 Stealth
 * Level 0.7 Unarmed Combat
 * Level 0.8 Spellcasting
 + Level 0.2 Evocations


You had 4 spell levels left.
You didn't know any spells.
Your spell library contained the following spells:

 Spells                   Type           Power      Damage    Failure   Level
 Blink                    Tloc           0%         N/A       65%         2
 Call Imp                 Summ           0%         N/A       65%         2
 Lesser Beckoning         Tloc           0%         N/A       65%         2
 Momentum Strike          Conj/Tloc      0%         3d8       65%         2
 Sublimation of Blood     Necr           0%         N/A       65%         2
 Summon Hydra             Summ           0%         N/A       100%        7


Dungeon Overview and Level Annotations

Branches:
Dungeon (2/15)

Altars:

Shops:
D:2 !


Innate Abilities, Weirdness & Mutations

You are partially covered in molten scales. (AC +2)
You are faintly shadowed, very rarely releasing foul flame when damaged in melee.


Message History

No target in view!
No target in view!
No target in view!
You see here a giant cockroach corpse.
Found a stone staircase leading up.
Found a stone staircase leading down.
There is a stone staircase leading up here.
Found a stone staircase leading down.
No target in view!
You swap places. "Let's see if it's strong enough to survive yet."
There are monsters nearby!
There are monsters nearby!
You hit the smoke demon but do no damage.
The smoke demon gestures at you. The ball of steam hits you!!
Ouch! That really hurt!
A shower of butterflies erupts from you!
The ball of steam hits your ribbon worm zombie!
The ball of steam hits your butterfly!!
Your butterfly dies!
Your butterfly disappears in a puff of smoke!
The chaos spawn touches your butterfly!!
Your butterfly dies!
Your butterfly disappears in a puff of smoke!
Your ribbon worm zombie is engulfed in a cloud of scalding steam.
As you read the scroll of butterflies, it crumbles to dust.
You hear the flapping of tiny wings.
The iron imp is knocked back by the sudden gust.
The chaos spawn is knocked back by the sudden gust.
Your ribbon worm zombie is knocked back by the sudden gust.
The smoke demon is knocked back by the sudden gust.
You are engulfed in a cloud of scalding steam.
* * * LOW HITPOINT WARNING * * *
The iron imp hits your butterfly!
Your butterfly dies!
Your butterfly disappears in a burst of colours!
You swap places.
You are engulfed in a cloud of scalding steam.
You die...

##...## ##.###.###########
#####.#####.#.b..b....
#........bbb4b5.......
#........bbb#.3b##.>..
###...##.#.#.bbbbbbb..#
......###...###bbb#.#.#
####..# #..## ##b##.### #..#
#.## #@##...###
#..###.######Z#..#...###
#............##.####...#####
#....#.#######).#..###...'.###
#......# ##.##....##.##..[#
#.~≈≈..# #..#.....#..#..#..
#.≈∩≈..# ##.##....##.##.####
#.≈~~..# #...###..'..#..#..#
#......# #'#...####.##†##...


You could see a smoke demon (summoned, ally target), a chaos spawn (summoned,
ally target), an iron imp (summoned, ally target) and a friendly ribbon worm
zombie.

Vanquished Creatures
  3 adders (D:2)
  3 dart slugs
  A ribbon worm (D:2)
  6 endoplasms
  2 giant cockroaches (D:2)
  5 goblins
  3 hobgoblins (D:1)
  6 kobolds
  2 quokkas
  A bat (D:2)
  3 rats
35 creatures vanquished.

Notes
Turn   | Place    | Note
-------+----------+-------------------------------------------
     0 | D:1      | ezpacito the Demonspawn Chaos Knight began the quest for
                  | the Orb.
     0 | D:1      | Reached XP level 1. HP: 18/18 MP: 1/1
    59 | D:1      | XOM: silly message
   145 | D:1      | Reached skill level 1 in Dodging
   203 | D:1      | Gained mutation: You are faintly shadowed, very rarely
                  | releasing foul flame when damaged in melee. [demonic
                  | ancestry]
   203 | D:1      | Reached XP level 2. HP: 24/24 MP: 2/2
   729 | D:2      | Found Kedegh's Distillery.
   737 | D:2      | Bought a potion of curing for 42 gold pieces
   767 | D:2      | XOM: chaos upgrade
   923 | D:2      | Gained mutation: You are partially covered in molten
                  | scales. (AC +2) [demonic ancestry]
   923 | D:2      | Reached XP level 3. HP: 23/29 MP: 3/3
  1269 | D:2      | Reached XP level 4. HP: 35/35 MP: 5/5
  1496 | D:2      | XOM: summons 3 hostile demons
  1497 | D:2      | Noticed a chaos spawn
  1497 | D:2      | Noticed a smoke demon
  1497 | D:2      | XOM: butterfly on damage
  1499 | D:2      | Engulfed by a smoke demon's steam

Illustrated notes

Levels and vault maps discovered:
D:1:      mrwooster_arrival_statue_2, layout_basic, nicolae_the_louvre
D:2:      minmay_skewed_foursquare, layout_loops_ring, serial_shops,
          nicolae_shop_industrial_runoff, chequers_serial_rivers_micro_d

Skill      XL: |  1  2  3 |
---------------+----------+-----
Dodging        | 1 |  1.6
Armour         | 2 |  2.1
Axes           | 3 |  3.0
Fighting       | |  3.2
Polearms       | |  0.7
Stealth        | |  0.8
Unarmed Combat | |  0.7
Spellcasting   | |  0.8
Evocations     | |  0.2

Action                     |  1- 3 |  4- 6 || total
---------------------------+-------+-------++-------
  Melee: Hand axe          |   109 |     5 ||   114
    Use: Potion            |     1 |       ||     1
         Scroll            |       |     1 ||     1
   Stab: Petrifying        |     1 |       ||     1
 Armour: Leather armour    |    15 |       ||    15
         Ring mail         |    51 |     5 ||    56
  Dodge: Dodged            |    60 |     2 ||    62

Table legend: (Time is in decaauts)
 A = Elapsed time spent in this place.
 B = Non-inter-level travel time spent in this place.
 C = Inter-level travel time spent in this place.
 D = Time resting spent in this place.
 E = Time spent auto-exploring this place.
 F = Levels seen in this place.
 G = Mean time per level.
                   A        B        C        D        E       F      G
               +--------+--------+--------+--------+--------+-----+--------+
         Total |   1517 |   1478 |     39 |      0 |   1185 |   2 |  758.5 |
       Dungeon |   1517 |   1478 |     39 |      0 |   1185 |   2 |  758.5 |
               +--------+--------+--------+--------+--------+-----+--------+

Top non-repeatable levels by time:
     D:2: 780 daAuts
     D:1: 736 daAuts
